Flames vs Islanders

Created - October 25, 2016 at 17:25

Goals
1 2 3 OT1 T
Flames 2 1 1 1 5
Islanders 2 1 1 0 4
Shots
1 2 3 OT1 T
Flames 7 12 9 1 29
Islanders 9 6 15 0 30

1st period

1. Islanders , Andy Andreoff 1 (Marek Zidlicky, Mark Fayne) at 4:12
2. Islanders , Shawn Horcoff 1 (Andy Greene, Colin Wilson) at 4:29
3. Flames , James van Riemsdyk 4 (Jared Spurgeon) at 5:34
4. Flames , Jared Spurgeon 3 (Daniel Carr, Jarret Stoll) at 11:13 (PP)

Penalties :
Justin Faulk (CGY) for Hooking (Minor) at 1:23, Josh Manson (NYI) for Hooking (Minor) at 5:46, Beau Bennett (CGY) for Slashing (Minor) at 8:44, Shane Doan (NYI) for Holding (Minor) at 10:14

2nd period

5. Islanders , Pierre-Alexandr Parenteau 3 (Marek Zidlicky, Tyler Bozak) at 14:10
6. Flames , Jarret Stoll 1 (Ryan Johansen, John Carlson) at 18:55

Penalties :
Shane Doan (NYI) for Interference (Minor) at 1:45, Erik Johnson (CGY) for Roughing (Minor) at 5:33, Brandon Davidson (NYI) for Tripping (Minor) at 11:33, Antoine Vermette (CGY) for Interference (Minor) at 14:19

3rd period

7. Flames , Bobby Ryan 4 (Erik Johnson, John Carlson) at 12:46
8. Islanders , Shane Doan 1 (Tyler Bozak, Pierre-Alexandr Parenteau) at 19:33

Penalties :
Bobby Ryan (CGY) for Hooking (Minor) at 1:28, Brandon Davidson (NYI) for Slashing (Minor) at 5:33, Josh Manson (NYI) for High sticking (Minor) at 16:21

Overtime #1

9. Flames , Ryan Johansen 3 (Ryan Getzlaf, Justin Faulk) at 0:14

Penalties :
No Penalty

Goalie Stats

Ben Bishop (CGY), 26 saves from 30 shots - (0.867), W, 3-3-0, 60:15 minutes
Braden Holtby (NYI), 24 saves from 29 shots - (0.828), OTL, 3-3-1, 59:47 minutes

Players Stats for Flames

Player Name              G  A  P  +/- PIM S  H  SB GA TA FO     MP     PP MP  PK MP  
------------------------------------------------------------------------------------
Andrej Nestrasil         0  0  0  -2  0   1  0  0  0  0  7/10    9:19   0:00   2:56 
Antoine Vermette         0  0  0   0  2   1  1  0  0  0  7/14   10:22   0:00   4:32 
Beau Bennett             0  0  0  -2  2   0  2  0  0  0  0/0     7:19   0:00   0:57 
Bobby Ryan               1  0  1   1  2   2  0  0  0  0  2/3    20:03   5:31   0:00 
Brady Skjei              0  0  0  -2  0   2  0  3  0  0  0/0    12:03   0:00   2:09 
Daniel Carr              0  1  1   0  0   2  0  0  0  0  0/1    11:04   4:54   0:19 
Erik Johnson             0  1  1   1  2   2  4  3  0  0  0/0    24:57   4:38   3:33 
James van Riemsdyk       1  0  1   1  0   4  0  0  0  0  0/1    20:33   5:31   0:00 
Jared Spurgeon           1  1  2   0  0   3  0  0  0  0  0/0    24:49   5:47   4:53 
Jarret Stoll             1  1  2   0  0   2  1  0  0  0  5/10   18:54   4:54   1:07 
John Carlson             0  2  2   1  0   2  0  2  0  0  0/0    25:24   4:38   4:40 
Jonathan Marchessault    0  0  0   0  0   0  1  0  0  0  0/1    12:53   0:00   0:00 
Jordan Martinook         0  0  0  -2  0   2  0  0  0  0  0/1     9:35   0:00   3:12 
Justin Faulk             0  1  1  -2  2   0  3  1  0  0  0/0    13:45   0:00   3:37 
Kevan Miller             0  0  0   0  0   0  1  0  0  0  0/0    13:43   0:00   0:00 
Pascal Dupuis            0  0  0   0  0   2  5  1  0  0  1/5    16:34   4:54   5:49 
Ryan Getzlaf             0  1  1   1  0   1  1  0  0  0  22/29  20:48   5:31   0:00 
Ryan Johansen            1  1  2   0  0   3  2  0  0  0  14/20  18:55   5:47   0:00 

Players Stats for Islanders

Player Name              G  A  P  +/- PIM S  H  SB GA TA FO     MP     PP MP  PK MP  
------------------------------------------------------------------------------------
Andy Andreoff            1  0  1   0  0   1  4  0  0  0  10/19  11:32   5:09   0:13 
Andy Greene              0  1  1  -1  0   4  2  1  0  0  0/0    24:18   5:38   5:53 
Brandon Davidson         0  0  0   0  4   1  2  2  0  0  0/0    21:29   5:38   3:09 
Colin Wilson             0  1  1   0  0   0  2  1  0  0  0/0    21:24   5:09   4:05 
David Legwand            0  0  0   0  0   0  0  3  0  0  4/11   10:26   0:00   5:09 
Josh Anderson            0  0  0   0  0   0  2  0  0  0  0/0     7:27   0:00   0:00 
Josh Jooris              0  0  0   0  0   0  0  0  0  0  0/0     9:33   0:00   5:33 
Josh Manson              0  0  0  -1  4   1  5  3  0  0  0/0    21:24   3:48   1:02 
Marek Zidlicky           0  2  2   3  0   2  4  0  0  0  0/0    14:47   3:48   0:13 
Mark Fayne               0  1  1   2  0   0  5  2  0  0  0/0    16:07   0:00   5:30 
Mike Angelidis           0  0  0   0  0   1  1  0  0  0  0/1     8:43   0:00   0:47 
Nate Thompson            0  0  0   0  0   1  0  0  0  0  0/4     5:27   0:00   0:58 
Niklas Hjalmarsson       0  0  0  -1  0   1  0  0  0  0  0/0    22:21   0:00   5:03 
Patrick Sharp            0  0  0   0  0   5  1  0  0  0  0/3    20:11   4:17   0:00 
Pierre-Alexandr Parentea 1  1  2   1  0   2  1  0  0  0  0/1    19:28   3:10   0:00 
Shane Doan               1  0  1   1  4   6  3  0  0  0  1/3    18:48   6:15   0:00 
Shawn Horcoff            1  0  1   0  0   2  0  0  0  0  8/23   16:15   0:00   4:05 
Tyler Bozak              0  2  2   1  0   3  1  0  0  0  14/30  20:20   4:17   0:00 

3 Stars

1 - Marek Zidlicky (NYI)
2 - Pierre-Alexandr Parenteau (NYI)
3 - Ryan Johansen (CGY)

Power Play

Flames - 1 on 6 Attempt(s) - 16.67%
Islanders - 0 on 5 Attempt(s) - 0.00%

Penalty Kill

Flames - 5 on 5 Attempt(s) - 100.00% - Score 0 goal in Penalty Kill
Islanders - 5 on 6 Attempt(s) - 83.33% - Score 0 goal in Penalty Kill

Team Stat

Flames - Hits : 21 - Faceoff Wins : 58 - Blocked Shots : 10 - Penalty Minutes : 10
Islanders - Hits : 33 - Faceoff Wins : 37 - Blocked Shots : 12 - Penalty Minutes : 12

Official

Referees : Jon Mclsaac and Justin StPierre
Linesman : Brad Lazarowich and Pierre Racicot

Game Notes

No Game Note

Finance

Level 1 -- Attendance: 5795 (96.58%) -- Ticket Income $654,835
Level 2 -- Attendance: 4476 (89.52%) -- Ticket Income $344,652
Level 3 -- Attendance: 2000 (100.00%) -- Ticket Income $144,000
Level 4 -- Attendance: 1795 (100.00%) -- Ticket Income $86,160
Luxury Box -- Attendance: 897 (89.70%) -- Ticket Income $158,769
Game was played at the Barclays Center.
Total Attendance: 14963 (94.73%)
Total Ticket Income: $1,388,416
Other Income: $208,262
Total Income: $1,596,678

% Time on Ice - Flames

Lines # - Real PCT - Wanted PCT - Time Play
Normal Forward
1 - 36% - 40% - 14:09
2 - 33% - 35% - 12:53
3 - 15% - 17% - 5:51
4 - 16% - 8% - 6:23
Normal Defense
1 - 39% - 40% - 15:13
2 - 34% - 35% - 13:28
3 - 25% - 20% - 9:54
4 - 2% - 5% - 0:41
PP Forward
1 - 53% - 60% - 5:31
2 - 47% - 40% - 4:54
PP Defense
1 - 56% - 60% - 5:47
2 - 44% - 40% - 4:38
PK Forward
1 - 69% - 60% - 6:30
2 - 31% - 40% - 2:56
PK Defense
1 - 55% - 60% - 5:10
2 - 45% - 40% - 4:16
PK3 Forward
1 - 0% - 60%
2 - 0% - 40%
PK3 Defense
1 - 0% - 60%
2 - 0% - 40%
44 Forward
1 - 100% - 60% - 0:29
2 - 0% - 40% - 0:00
44 Defense
1 - 100% - 60% - 0:29
2 - 0% - 40% - 0:00
Last Minute Offensive  - 0:00
Last Minute Defensive  - 0:24
Total
Forward - 60:00
Defense - 60:00

% Time on Ice - Islanders

Lines # - Real PCT - Wanted PCT - Time Play
Normal Forward
1 - 40% - 37% - 15:39
2 - 31% - 32% - 12:10
3 - 19% - 20% - 7:27
4 - 10% - 11% - 4:00
Normal Defense
1 - 42% - 36% - 16:27
2 - 31% - 36% - 12:05
3 - 26% - 20% - 10:22
4 - 1% - 8% - 0:22
PP Forward
1 - 45% - 55% - 4:17
2 - 55% - 45% - 5:09
PP Defense
1 - 40% - 55% - 3:48
2 - 60% - 45% - 5:38
PK Forward
1 - 61% - 55% - 6:20
2 - 39% - 45% - 4:05
PK Defense
1 - 55% - 55% - 5:45
2 - 45% - 45% - 4:40
PK3 Forward
1 - 0% - 60%
2 - 0% - 40%
PK3 Defense
1 - 0% - 60%
2 - 0% - 40%
44 Forward
1 - 100% - 60% - 0:29
2 - 0% - 40% - 0:00
44 Defense
1 - 100% - 60% - 0:29
2 - 0% - 40% - 0:00
Last Minute Offensive  - 0:24
Last Minute Defensive  - 0:00
Total
Forward - 60:00
Defense - 60:00

Play by Play

1st period


0:01 of 1st period - Tyler Bozak wins face-off versus Bobby Ryan in neutral zone.
0:04 of 1st period - Ryan Getzlaf is hit by Pierre-Alexandr Parenteau and loses puck.
0:23 of 1st period - Shot by Ryan Getzlaf.
0:23 of 1st period - Shot Blocked by Josh Manson.
0:25 of 1st period - Shot by Bobby Ryan.
0:25 of 1st period - Stopped by Braden Holtby without a rebound.
0:26 of 1st period - Shawn Horcoff wins face-off versus Ryan Johansen in Islanders zone.
0:39 of 1st period - Shot by Colin Wilson.
0:39 of 1st period - Shot Misses the Net.
0:47 of 1st period - Shot by Shane Doan.
0:47 of 1st period - Shot Misses the Net.
0:49 of 1st period - Shot by Andy Greene.
0:49 of 1st period - Stopped by Ben Bishop without a rebound.
0:50 of 1st period - Antoine Vermette wins face-off versus Andy Andreoff in Flames zone.
0:50 of 1st period - Antoine Vermette is hit by Andy Andreoff.
0:59 of 1st period - Pascal Dupuis is hit by Josh Anderson and loses puck.
1:23 of 1st period - Minor Penalty to Justin Faulk for Hooking.
1:24 of 1st period - Antoine Vermette wins face-off versus Tyler Bozak in Flames zone.
1:32 of 1st period - Off-side.
1:33 of 1st period - Andrej Nestrasil wins face-off versus Patrick Sharp in neutral zone.
1:42 of 1st period - Shot by Brandon Davidson.
1:42 of 1st period - Stopped by Ben Bishop without a rebound.
1:43 of 1st period - Antoine Vermette wins face-off versus Pierre-Alexandr Parenteau in Flames zone.
1:52 of 1st period - Shot by Marek Zidlicky.
1:52 of 1st period - Stopped by Ben Bishop without a rebound.
1:53 of 1st period - Tyler Bozak wins face-off versus Antoine Vermette in Flames zone.
1:58 of 1st period - Shot by Patrick Sharp.
1:58 of 1st period - Stopped by Ben Bishop without a rebound.
1:59 of 1st period - Andy Andreoff wins face-off versus Antoine Vermette in Flames zone.
2:00 of 1st period - Shot by Pierre-Alexandr Parenteau.
2:00 of 1st period - Shot Blocked by Erik Johnson.
2:30 of 1st period - Off-side.
2:31 of 1st period - Andrej Nestrasil wins face-off versus Tyler Bozak in neutral zone.
2:46 of 1st period - Shot by Shane Doan.
2:46 of 1st period - Shot Blocked by Brady Skjei.
2:48 of 1st period - Shot by Shane Doan.
2:48 of 1st period - Shot Misses the Net.
3:06 of 1st period - Shot by Tyler Bozak.
3:06 of 1st period - Shot Blocked by Brady Skjei.
3:08 of 1st period - Shot by Andy Greene.
3:08 of 1st period - Shot Misses the Net.
3:55 of 1st period - Off-side.
3:56 of 1st period - Ryan Johansen wins face-off versus Andy Andreoff in neutral zone.
3:59 of 1st period - Mark Fayne is hit by Ryan Johansen and loses puck.
4:12 of 1st period - Shot by Andy Andreoff.
4:12 of 1st period - Goal by Andy Andreoff - Flames : 0 - Islanders : 1.
4:13 of 1st period - Shawn Horcoff wins face-off versus Jordan Martinook in neutral zone.
4:19 of 1st period - Shane Doan is hit by Justin Faulk.
4:25 of 1st period - Shot by Shawn Horcoff.
4:25 of 1st period - Stopped by Ben Bishop with a rebound.
4:27 of 1st period - Shot by Andy Greene.
4:27 of 1st period - Shot Misses the Net.
4:29 of 1st period - Shot by Shawn Horcoff.
4:29 of 1st period - Goal by Shawn Horcoff - Flames : 0 - Islanders : 2.
4:30 of 1st period - Tyler Bozak wins face-off versus Ryan Johansen in neutral zone.
4:30 of 1st period - Tyler Bozak is hit by Jarret Stoll.
5:02 of 1st period - Shot by Patrick Sharp.
5:02 of 1st period - Shot Misses the Net.
5:04 of 1st period - Shot by Tyler Bozak.
5:04 of 1st period - Stopped by Ben Bishop without a rebound.
5:05 of 1st period - Shawn Horcoff wins face-off versus Ryan Getzlaf in Flames zone.
5:10 of 1st period - Shot by Shane Doan.
5:10 of 1st period - Shot Misses the Net.
5:34 of 1st period - Shot by James van Riemsdyk.
5:34 of 1st period - Goal by James van Riemsdyk - Flames : 1 - Islanders : 2.
5:35 of 1st period - Antoine Vermette wins face-off versus Andy Andreoff in neutral zone.
5:43 of 1st period - Off-side.
5:44 of 1st period - Ryan Johansen wins face-off versus Tyler Bozak in neutral zone.
5:46 of 1st period - Minor Penalty to Josh Manson for Hooking.
5:47 of 1st period - Ryan Getzlaf wins face-off versus David Legwand in Islanders zone.
6:00 of 1st period - Shot by Ryan Getzlaf.
6:00 of 1st period - Shot Blocked by Brandon Davidson.
6:02 of 1st period - Shot by Ryan Getzlaf.
6:02 of 1st period - Shot Misses the Net.
7:56 of 1st period - Patrick Sharp is hit by Justin Faulk and loses puck.
8:33 of 1st period - Icing by Brady Skjei.
8:34 of 1st period - Andy Andreoff wins face-off versus Andrej Nestrasil in Flames zone.
8:34 of 1st period - Andy Greene is hit by Justin Faulk and loses puck.
8:44 of 1st period - Minor Penalty to Beau Bennett for Slashing.
8:45 of 1st period - Antoine Vermette wins face-off versus Andy Andreoff in Flames zone.
8:45 of 1st period - Antoine Vermette is hit by Andy Andreoff.
9:11 of 1st period - Shot by Brandon Davidson.
9:11 of 1st period - Shot Misses the Net.
9:13 of 1st period - Shot by Andy Greene.
9:13 of 1st period - Shot Blocked by Erik Johnson.
9:36 of 1st period - Off-side.
9:37 of 1st period - Tyler Bozak wins face-off versus Andrej Nestrasil in neutral zone.
9:45 of 1st period - Justin Faulk is hit by Shane Doan.
10:05 of 1st period - Shot by Tyler Bozak.
10:05 of 1st period - Shot Blocked by Pascal Dupuis.
10:14 of 1st period - Minor Penalty to Shane Doan for Holding.
10:15 of 1st period - Ryan Getzlaf wins face-off versus Nate Thompson in Islanders zone.
10:15 of 1st period - Erik Johnson is hit by Andy Greene and loses puck.
10:22 of 1st period - Shot by Ryan Getzlaf.
10:22 of 1st period - Shot Misses the Net.
10:44 of 1st period - Shot by James van Riemsdyk.
10:44 of 1st period - Shot Blocked by David Legwand.
10:46 of 1st period - Shot by Pascal Dupuis.
10:46 of 1st period - Shot Blocked by David Legwand.
10:48 of 1st period - Shot by Pascal Dupuis.
10:48 of 1st period - Stopped by Braden Holtby without a rebound.
10:49 of 1st period - David Legwand wins face-off versus Jarret Stoll in Islanders zone.
10:55 of 1st period - Icing by Jarret Stoll.
10:56 of 1st period - Jarret Stoll wins face-off versus David Legwand in Flames zone.
11:09 of 1st period - Shot by Jarret Stoll.
11:09 of 1st period - Shot Misses the Net.
11:11 of 1st period - Shot by Daniel Carr.
11:11 of 1st period - Shot Misses the Net.
11:13 of 1st period - Shot by Jared Spurgeon.
11:13 of 1st period - Goal by Jared Spurgeon - Flames : 2 - Islanders : 2.
11:14 of 1st period - Ryan Getzlaf wins face-off versus Shawn Horcoff in neutral zone.
12:46 of 1st period - Icing by Jared Spurgeon.
12:47 of 1st period - Andy Andreoff wins face-off versus Ryan Johansen in Flames zone.
13:39 of 1st period - Off-side.
13:40 of 1st period - Tyler Bozak wins face-off versus Ryan Getzlaf in neutral zone.
14:31 of 1st period - Icing by Ryan Getzlaf.
14:32 of 1st period - Ryan Getzlaf wins face-off versus Shawn Horcoff in Flames zone.
14:50 of 1st period - Shawn Horcoff is hit by Kevan Miller and loses puck.
14:56 of 1st period - Ryan Johansen is hit by Josh Manson and loses puck.
16:04 of 1st period - Off-side.
16:05 of 1st period - Andrej Nestrasil wins face-off versus Tyler Bozak in neutral zone.
16:08 of 1st period - Pierre-Alexandr Parenteau is hit by Beau Bennett and loses puck.
17:25 of 1st period - Shot by James van Riemsdyk.
17:25 of 1st period - Stopped by Braden Holtby without a rebound.
17:26 of 1st period - Shawn Horcoff wins face-off versus Pascal Dupuis in Islanders zone.
17:48 of 1st period - Shot by Jared Spurgeon.
17:48 of 1st period - Shot Misses the Net.
17:50 of 1st period - Shot by Jared Spurgeon.
17:50 of 1st period - Stopped by Braden Holtby without a rebound.
17:51 of 1st period - Ryan Getzlaf wins face-off versus Nate Thompson in Islanders zone.
18:06 of 1st period - Shot by Josh Jooris.
18:06 of 1st period - Shot Blocked by Brady Skjei.
18:23 of 1st period - Icing by Brandon Davidson.
18:24 of 1st period - David Legwand wins face-off versus Ryan Johansen in Islanders zone.
18:24 of 1st period - David Legwand is hit by Ryan Johansen.
18:32 of 1st period - Shot by Jared Spurgeon.
18:32 of 1st period - Stopped by Braden Holtby without a rebound.
18:33 of 1st period - Ryan Johansen wins face-off versus Tyler Bozak in Islanders zone.
18:48 of 1st period - Shot by Patrick Sharp.
18:48 of 1st period - Stopped by Ben Bishop without a rebound.
18:49 of 1st period - Ryan Getzlaf wins face-off versus Shawn Horcoff in Flames zone.
18:55 of 1st period - Off-side.
18:56 of 1st period - Ryan Getzlaf wins face-off versus Tyler Bozak in neutral zone.
19:42 of 1st period - Off-side.
19:43 of 1st period - Ryan Johansen wins face-off versus Shane Doan in neutral zone.
Goals for this period are 2 for Flames vs 2 for Islanders.
Shots for this period are 7 for Flames vs 9 for Islanders.

2nd period


0:01 of 2nd period - Ryan Getzlaf wins face-off versus Shawn Horcoff in neutral zone.
0:25 of 2nd period - Shot by Shawn Horcoff.
0:25 of 2nd period - Shot Misses the Net.
0:32 of 2nd period - Off-side.
0:33 of 2nd period - Ryan Johansen wins face-off versus Tyler Bozak in neutral zone.
0:35 of 2nd period - John Carlson is hit by Josh Manson and loses puck.
1:12 of 2nd period - Shot by Ryan Johansen.
1:12 of 2nd period - Stopped by Braden Holtby with a rebound.
1:45 of 2nd period - Minor Penalty to Shane Doan for Interference.
1:46 of 2nd period - Ryan Getzlaf wins face-off versus David Legwand in Islanders zone.
2:15 of 2nd period - Shot by Ryan Getzlaf.
2:15 of 2nd period - Shot Misses the Net.
2:17 of 2nd period - Shot by Jared Spurgeon.
2:17 of 2nd period - Shot Misses the Net.
2:19 of 2nd period - Shot by Bobby Ryan.
2:19 of 2nd period - Deflect By James van Riemsdyk.
2:19 of 2nd period - Shot Misses the Net.
2:36 of 2nd period - Off-side.
2:37 of 2nd period - Jarret Stoll wins face-off versus David Legwand in neutral zone.
2:42 of 2nd period - Shot by John Carlson.
2:42 of 2nd period - Stopped by Braden Holtby without a rebound.
2:43 of 2nd period - David Legwand wins face-off versus Jarret Stoll in Islanders zone.
2:43 of 2nd period - David Legwand is hit by Pascal Dupuis.
3:13 of 2nd period - Shot by John Carlson.
3:13 of 2nd period - Shot Misses the Net.
3:15 of 2nd period - Shot by Erik Johnson.
3:15 of 2nd period - Shot Misses the Net.
3:50 of 2nd period - Beau Bennett is hit by Marek Zidlicky and loses puck.
4:02 of 2nd period - Jordan Martinook is hit by Marek Zidlicky and loses puck.
4:05 of 2nd period - Shot by Jordan Martinook.
4:05 of 2nd period - Shot Misses the Net.
4:07 of 2nd period - Shot by Justin Faulk.
4:07 of 2nd period - Shot Misses the Net.
4:09 of 2nd period - Shot by Brady Skjei.
4:09 of 2nd period - Deflect By Andrej Nestrasil.
4:09 of 2nd period - Shot Misses the Net.
4:11 of 2nd period - Shot by Brady Skjei.
4:11 of 2nd period - Shot Misses the Net.
4:13 of 2nd period - Shot by Andrej Nestrasil.
4:13 of 2nd period - Stopped by Braden Holtby with a rebound.
4:20 of 2nd period - Andrej Nestrasil is hit by Marek Zidlicky.
4:23 of 2nd period - Beau Bennett is hit by Mark Fayne and loses puck.
4:47 of 2nd period - James van Riemsdyk is hit by Mark Fayne and loses puck.
5:05 of 2nd period - Ryan Getzlaf is hit by Mark Fayne and loses puck.
5:18 of 2nd period - Shot by James van Riemsdyk.
5:18 of 2nd period - Stopped by Braden Holtby without a rebound.
5:19 of 2nd period - Ryan Johansen wins face-off versus Shawn Horcoff in Islanders zone.
5:33 of 2nd period - Minor Penalty to Erik Johnson for Roughing.
5:34 of 2nd period - Shane Doan wins face-off versus Antoine Vermette in Flames zone.
6:02 of 2nd period - Brandon Davidson is hit by Antoine Vermette.
6:21 of 2nd period - Jordan Martinook is hit by Andy Andreoff and loses puck.
6:34 of 2nd period - Brandon Davidson is hit by Pascal Dupuis and loses puck.
6:47 of 2nd period - Shot by Antoine Vermette.
6:47 of 2nd period - Shot Hit the Post.
8:50 of 2nd period - Shot by Patrick Sharp.
8:50 of 2nd period - Shot Misses the Net.
9:53 of 2nd period - Shot by Antoine Vermette.
9:53 of 2nd period - Stopped by Braden Holtby with a rebound.
9:55 of 2nd period - Shot by Brady Skjei.
9:55 of 2nd period - Stopped by Braden Holtby without a rebound.
9:56 of 2nd period - Andrej Nestrasil wins face-off versus Mike Angelidis in Islanders zone.
9:56 of 2nd period - Andrej Nestrasil is hit by Josh Manson.
10:49 of 2nd period - Jarret Stoll is hit by Josh Anderson and loses puck.
11:29 of 2nd period - James van Riemsdyk is hit by Andy Greene and loses puck.
11:33 of 2nd period - Minor Penalty to Brandon Davidson for Tripping.
11:34 of 2nd period - Ryan Getzlaf wins face-off versus Shawn Horcoff in Islanders zone.
11:45 of 2nd period - Shot by John Carlson.
11:45 of 2nd period - Shot Blocked by Mark Fayne.
11:47 of 2nd period - Shot by Erik Johnson.
11:47 of 2nd period - Shot Blocked by Mark Fayne.
11:49 of 2nd period - Shot by Erik Johnson.
11:49 of 2nd period - Stopped by Braden Holtby without a rebound.
11:50 of 2nd period - Jarret Stoll wins face-off versus Nate Thompson in Islanders zone.
11:51 of 2nd period - Shot by Jared Spurgeon.
11:51 of 2nd period - Deflect By Pascal Dupuis.
11:51 of 2nd period - Stopped by Braden Holtby without a rebound.
11:52 of 2nd period - Ryan Getzlaf wins face-off versus Nate Thompson in Islanders zone.
12:29 of 2nd period - Shot by Jared Spurgeon.
12:29 of 2nd period - Shot Misses the Net.
12:31 of 2nd period - Shot by Ryan Getzlaf.
12:31 of 2nd period - Shot Misses the Net.
12:47 of 2nd period - Shot by Pascal Dupuis.
12:47 of 2nd period - Shot Misses the Net.
12:49 of 2nd period - Shot by John Carlson.
12:49 of 2nd period - Shot Blocked by Andy Greene.
13:03 of 2nd period - Shot by John Carlson.
13:03 of 2nd period - Shot Blocked by Colin Wilson.
13:17 of 2nd period - Shot by Daniel Carr.
13:17 of 2nd period - Stopped by Braden Holtby without a rebound.
13:18 of 2nd period - Ryan Getzlaf wins face-off versus David Legwand in Islanders zone.
13:37 of 2nd period - Shot by Andrej Nestrasil.
13:37 of 2nd period - Shot Misses the Net.
13:47 of 2nd period - Jordan Martinook is hit by Patrick Sharp and loses puck.
14:06 of 2nd period - Shot by Tyler Bozak.
14:06 of 2nd period - Shot Misses the Net.
14:08 of 2nd period - Shot by Marek Zidlicky.
14:08 of 2nd period - Shot Misses the Net.
14:10 of 2nd period - Shot by Pierre-Alexandr Parenteau.
14:10 of 2nd period - Goal by Pierre-Alexandr Parenteau - Flames : 2 - Islanders : 3.
14:11 of 2nd period - Andy Andreoff wins face-off versus Antoine Vermette in neutral zone.
14:13 of 2nd period - Brandon Davidson is hit by Erik Johnson and loses puck.
14:19 of 2nd period - Minor Penalty to Antoine Vermette for Interference.
14:20 of 2nd period - Tyler Bozak wins face-off versus Pascal Dupuis in Flames zone.
16:03 of 2nd period - Shot by Shane Doan.
16:03 of 2nd period - Stopped by Ben Bishop without a rebound.
16:04 of 2nd period - Andy Andreoff wins face-off versus Jarret Stoll in Flames zone.
16:07 of 2nd period - Shot by Andy Greene.
16:07 of 2nd period - Stopped by Ben Bishop without a rebound.
16:08 of 2nd period - Tyler Bozak wins face-off versus Jarret Stoll in Flames zone.
16:51 of 2nd period - Shot by Ryan Getzlaf.
16:51 of 2nd period - Stopped by Braden Holtby without a rebound.
16:52 of 2nd period - Andrej Nestrasil wins face-off versus Shawn Horcoff in Islanders zone.
16:58 of 2nd period - Andrej Nestrasil is hit by Brandon Davidson and loses puck.
17:16 of 2nd period - Shot by Shane Doan.
17:16 of 2nd period - Stopped by Ben Bishop without a rebound.
17:17 of 2nd period - Tyler Bozak wins face-off versus Jonathan Marchessault in Flames zone.
17:22 of 2nd period - Shot by Tyler Bozak.
17:22 of 2nd period - Stopped by Ben Bishop without a rebound.
17:23 of 2nd period - Ryan Getzlaf wins face-off versus Tyler Bozak in Flames zone.
17:23 of 2nd period - Ryan Getzlaf is hit by Tyler Bozak.
17:38 of 2nd period - James van Riemsdyk is hit by Mark Fayne and loses puck.
17:46 of 2nd period - Icing by Patrick Sharp.
17:47 of 2nd period - Ryan Johansen wins face-off versus Tyler Bozak in Islanders zone.
17:47 of 2nd period - Ryan Johansen is hit by Mark Fayne.
17:54 of 2nd period - Ryan Johansen is hit by Marek Zidlicky and loses puck.
17:58 of 2nd period - Icing by Pierre-Alexandr Parenteau.
17:59 of 2nd period - Tyler Bozak wins face-off versus James van Riemsdyk in Islanders zone.
18:18 of 2nd period - Shot by Mark Fayne.
18:18 of 2nd period - Shot Misses the Net.
18:22 of 2nd period - Shot by Patrick Sharp.
18:22 of 2nd period - Stopped by Ben Bishop without a rebound.
18:23 of 2nd period - Ryan Johansen wins face-off versus Shawn Horcoff in Flames zone.
18:27 of 2nd period - Icing by Erik Johnson.
18:28 of 2nd period - Ryan Johansen wins face-off versus Shawn Horcoff in Flames zone.
18:28 of 2nd period - Ryan Johansen is hit by Shane Doan.
18:42 of 2nd period - Icing by Jarret Stoll.
18:43 of 2nd period - Ryan Johansen wins face-off versus Andy Andreoff in Flames zone.
18:55 of 2nd period - Shot by Jarret Stoll.
18:55 of 2nd period - Goal by Jarret Stoll - Flames : 3 - Islanders : 3.
18:56 of 2nd period - Ryan Getzlaf wins face-off versus Shane Doan in neutral zone.
19:07 of 2nd period - Shot by James van Riemsdyk.
19:07 of 2nd period - Stopped by Braden Holtby without a rebound.
19:08 of 2nd period - Tyler Bozak wins face-off versus Ryan Johansen in Islanders zone.
19:34 of 2nd period - Niklas Hjalmarsson is hit by Jonathan Marchessault and loses puck.
Goals for this period are 1 for Flames vs 1 for Islanders.
Shots for this period are 12 for Flames vs 6 for Islanders.

3rd period


0:01 of 3rd period - Ryan Getzlaf wins face-off versus Shawn Horcoff in neutral zone.
0:01 of 3rd period - Bobby Ryan is hit by Colin Wilson.
0:03 of 3rd period - Shot by James van Riemsdyk.
0:03 of 3rd period - Shot Misses the Net.
0:13 of 3rd period - Shot by Colin Wilson.
0:13 of 3rd period - Shot Misses the Net.
0:15 of 3rd period - Shot by Shawn Horcoff.
0:15 of 3rd period - Shot Blocked by John Carlson.
0:17 of 3rd period - Shot by Shane Doan.
0:17 of 3rd period - Shot Misses the Net.
0:19 of 3rd period - Shot by Andy Greene.
0:19 of 3rd period - Stopped by Ben Bishop without a rebound.
0:20 of 3rd period - Jarret Stoll wins face-off versus Andy Andreoff in Flames zone.
0:20 of 3rd period - Jarret Stoll is hit by Mike Angelidis.
1:06 of 3rd period - Icing by Niklas Hjalmarsson.
1:07 of 3rd period - Andy Andreoff wins face-off versus Ryan Getzlaf in Islanders zone.
1:11 of 3rd period - Off-side.
1:12 of 3rd period - Ryan Getzlaf wins face-off versus Shawn Horcoff in neutral zone.
1:28 of 3rd period - Minor Penalty to Bobby Ryan for Hooking.
1:29 of 3rd period - Antoine Vermette wins face-off versus Tyler Bozak in Flames zone.
1:29 of 3rd period - Antoine Vermette is hit by Shane Doan.
1:36 of 3rd period - Icing by Shane Doan.
1:37 of 3rd period - Tyler Bozak wins face-off versus Antoine Vermette in Islanders zone.
2:05 of 3rd period - Shot by Patrick Sharp.
2:05 of 3rd period - Stopped by Ben Bishop without a rebound.
2:06 of 3rd period - Andy Andreoff wins face-off versus Antoine Vermette in Flames zone.
2:11 of 3rd period - Shot by Pierre-Alexandr Parenteau.
2:11 of 3rd period - Shot Blocked by John Carlson.
2:15 of 3rd period - Shot by Andy Greene.
2:15 of 3rd period - Stopped by Ben Bishop without a rebound.
2:16 of 3rd period - Andy Andreoff wins face-off versus Antoine Vermette in Flames zone.
2:31 of 3rd period - Jordan Martinook is hit by Andy Andreoff and loses puck.
3:12 of 3rd period - Shot by Tyler Bozak.
3:12 of 3rd period - Shot Misses the Net.
3:54 of 3rd period - Shot by Nate Thompson.
3:54 of 3rd period - Stopped by Ben Bishop without a rebound.
3:55 of 3rd period - Shawn Horcoff wins face-off versus Ryan Getzlaf in Flames zone.
3:55 of 3rd period - Shawn Horcoff is hit by Erik Johnson.
4:53 of 3rd period - Shot by Jonathan Marchessault.
4:53 of 3rd period - Deflect By Ryan Johansen.
4:53 of 3rd period - Stopped by Braden Holtby without a rebound.
4:54 of 3rd period - Ryan Johansen wins face-off versus Tyler Bozak in Islanders zone.
4:58 of 3rd period - Icing by Brandon Davidson.
4:59 of 3rd period - Ryan Johansen wins face-off versus Tyler Bozak in Islanders zone.
5:18 of 3rd period - Icing by Jonathan Marchessault.
5:19 of 3rd period - Andy Andreoff wins face-off versus Ryan Johansen in Flames zone.
5:26 of 3rd period - Shot by Niklas Hjalmarsson.
5:26 of 3rd period - Stopped by Ben Bishop with a rebound.
5:28 of 3rd period - Shot by Josh Manson.
5:28 of 3rd period - Stopped by Ben Bishop without a rebound.
5:29 of 3rd period - Bobby Ryan wins face-off versus Tyler Bozak in Flames zone.
5:33 of 3rd period - Minor Penalty to Brandon Davidson for Slashing.
5:34 of 3rd period - Ryan Getzlaf wins face-off versus David Legwand in Islanders zone.
5:47 of 3rd period - Shot by Ryan Getzlaf.
5:47 of 3rd period - Shot Misses the Net.
6:08 of 3rd period - Off-side.
6:09 of 3rd period - Jarret Stoll wins face-off versus David Legwand in neutral zone.
6:31 of 3rd period - Shot by Erik Johnson.
6:31 of 3rd period - Stopped by Braden Holtby without a rebound.
6:32 of 3rd period - Ryan Getzlaf wins face-off versus Shawn Horcoff in Islanders zone.
6:53 of 3rd period - Shot by Jared Spurgeon.
6:53 of 3rd period - Shot Misses the Net.
7:23 of 3rd period - Shot by Daniel Carr.
7:23 of 3rd period - Stopped by Braden Holtby without a rebound.
7:24 of 3rd period - Shawn Horcoff wins face-off versus Pascal Dupuis in Islanders zone.
7:32 of 3rd period - Icing by John Carlson.
7:33 of 3rd period - Andrej Nestrasil wins face-off versus Tyler Bozak in Flames zone.
7:51 of 3rd period - Shot by Andrej Nestrasil.
7:51 of 3rd period - Shot Blocked by Brandon Davidson.
7:53 of 3rd period - Shot by Brady Skjei.
7:53 of 3rd period - Stopped by Braden Holtby without a rebound.
7:54 of 3rd period - Antoine Vermette wins face-off versus Shawn Horcoff in Islanders zone.
8:26 of 3rd period - Shot by Shawn Horcoff.
8:26 of 3rd period - Shot Misses the Net.
8:46 of 3rd period - Tyler Bozak is hit by Pascal Dupuis and loses puck.
8:52 of 3rd period - Brandon Davidson is hit by Pascal Dupuis and loses puck.
8:59 of 3rd period - Shot by Tyler Bozak.
8:59 of 3rd period - Stopped by Ben Bishop with a rebound.
9:01 of 3rd period - Shot by Andy Greene.
9:01 of 3rd period - Shot Misses the Net.
9:23 of 3rd period - Brandon Davidson is hit by Ryan Getzlaf and loses puck.
11:27 of 3rd period - Shot by Beau Bennett.
11:27 of 3rd period - Shot Misses the Net.
11:29 of 3rd period - Shot by Kevan Miller.
11:29 of 3rd period - Shot Misses the Net.
11:31 of 3rd period - Shot by Kevan Miller.
11:31 of 3rd period - Shot Misses the Net.
11:33 of 3rd period - Shot by Kevan Miller.
11:33 of 3rd period - Shot Blocked by Josh Manson.
11:35 of 3rd period - Shot by Andrej Nestrasil.
11:35 of 3rd period - Shot Misses the Net.
12:20 of 3rd period - Icing by Niklas Hjalmarsson.
12:21 of 3rd period - Pascal Dupuis wins face-off versus Shawn Horcoff in Islanders zone.
12:24 of 3rd period - Shot by John Carlson.
12:24 of 3rd period - Stopped by Braden Holtby without a rebound.
12:25 of 3rd period - Andy Andreoff wins face-off versus Pascal Dupuis in Islanders zone.
12:29 of 3rd period - Icing by Mike Angelidis.
12:30 of 3rd period - Bobby Ryan wins face-off versus Andy Andreoff in Islanders zone.
12:36 of 3rd period - Off-side.
12:37 of 3rd period - Ryan Getzlaf wins face-off versus Tyler Bozak in neutral zone.
12:39 of 3rd period - Erik Johnson is hit by Brandon Davidson and loses puck.
12:46 of 3rd period - Shot by Bobby Ryan.
12:46 of 3rd period - Goal by Bobby Ryan - Flames : 4 - Islanders : 3.
12:47 of 3rd period - Ryan Johansen wins face-off versus Andy Andreoff in neutral zone.
12:54 of 3rd period - Shot by Jarret Stoll.
12:54 of 3rd period - Stopped by Braden Holtby with a rebound.
14:00 of 3rd period - Shot by Shane Doan.
14:00 of 3rd period - Stopped by Ben Bishop with a rebound.
14:02 of 3rd period - Shot by Shane Doan.
14:02 of 3rd period - Stopped by Ben Bishop without a rebound.
14:03 of 3rd period - Tyler Bozak wins face-off versus Daniel Carr in Flames zone.
15:09 of 3rd period - Icing by Niklas Hjalmarsson.
15:10 of 3rd period - Shawn Horcoff wins face-off versus Ryan Getzlaf in Islanders zone.
15:23 of 3rd period - Bobby Ryan is hit by Josh Manson and loses puck.
15:29 of 3rd period - James van Riemsdyk is hit by Josh Manson and loses puck.
15:38 of 3rd period - Shot by James van Riemsdyk.
15:38 of 3rd period - Shot Misses the Net.
15:40 of 3rd period - Shot by Kevan Miller.
15:40 of 3rd period - Shot Misses the Net.
15:42 of 3rd period - Shot by Bobby Ryan.
15:42 of 3rd period - Shot Blocked by Josh Manson.
15:44 of 3rd period - Shot by Jared Spurgeon.
15:44 of 3rd period - Shot Misses the Net.
16:21 of 3rd period - Minor Penalty to Josh Manson for High sticking.
16:22 of 3rd period - David Legwand wins face-off versus Jarret Stoll in Islanders zone.
16:22 of 3rd period - David Legwand is hit by Pascal Dupuis.
16:36 of 3rd period - Shot by John Carlson.
16:36 of 3rd period - Shot Blocked by David Legwand.
16:38 of 3rd period - Shot by John Carlson.
16:38 of 3rd period - Deflect By Daniel Carr.
16:38 of 3rd period - Shot Misses the Net.
18:35 of 3rd period - Shot by Jordan Martinook.
18:35 of 3rd period - Stopped by Braden Holtby without a rebound.
18:36 of 3rd period - Andrej Nestrasil wins face-off versus Tyler Bozak in Islanders zone.
18:41 of 3rd period - Shot by Jordan Martinook.
18:41 of 3rd period - Stopped by Braden Holtby without a rebound.
18:42 of 3rd period - Shawn Horcoff wins face-off versus Andrej Nestrasil in Islanders zone.
18:42 of 3rd period - Shawn Horcoff is hit by Beau Bennett.
18:48 of 3rd period - Jordan Martinook is hit by Colin Wilson and loses puck.
18:53 of 3rd period - Shot by Shane Doan.
18:53 of 3rd period - Stopped by Ben Bishop without a rebound.
18:54 of 3rd period - Ryan Getzlaf wins face-off versus Patrick Sharp in Flames zone.
19:05 of 3rd period - Islanders, Braden Holtby is pulled from the net.
19:05 of 3rd period - Shot by Patrick Sharp.
19:05 of 3rd period - Shot Blocked by Justin Faulk.
19:07 of 3rd period - Shot by Niklas Hjalmarsson.
19:07 of 3rd period - Shot Hit the Post.
19:09 of 3rd period - Shot by Patrick Sharp.
19:09 of 3rd period - Stopped by Ben Bishop without a rebound.
19:10 of 3rd period - Tyler Bozak wins face-off versus Ryan Getzlaf in Flames zone.
19:17 of 3rd period - Brandon Davidson is hit by Erik Johnson and loses puck.
19:22 of 3rd period - Shot by Pierre-Alexandr Parenteau.
19:22 of 3rd period - Stopped by Ben Bishop with a rebound.
19:24 of 3rd period - Shot by Marek Zidlicky.
19:24 of 3rd period - Stopped by Ben Bishop without a rebound.
19:25 of 3rd period - Tyler Bozak wins face-off versus Ryan Getzlaf in Flames zone.
19:25 of 3rd period - Tyler Bozak is hit by Erik Johnson.
19:29 of 3rd period - Shot by Tyler Bozak.
19:29 of 3rd period - Shot Misses the Net.
19:31 of 3rd period - Shot by Shane Doan.
19:31 of 3rd period - Shot Blocked by Erik Johnson.
19:33 of 3rd period - Shot by Shane Doan.
19:33 of 3rd period - Goal by Shane Doan - Flames : 4 - Islanders : 4.
19:33 of 3rd period - Braden Holtby from Islanders was sent back in the game.
19:34 of 3rd period - Ryan Johansen wins face-off versus Andy Andreoff in neutral zone.
19:55 of 3rd period - Shot by Mike Angelidis.
19:55 of 3rd period - Stopped by Ben Bishop without a rebound.
19:56 of 3rd period - Ryan Getzlaf wins face-off versus Shawn Horcoff in Flames zone.
Goals for this period are 1 for Flames vs 1 for Islanders.
Shots for this period are 9 for Flames vs 15 for Islanders.

Overtime #1


0:01 of 1st overtime period - Ryan Getzlaf wins face-off versus Patrick Sharp in neutral zone.
0:14 of 1st overtime period - Shot by Ryan Getzlaf.
0:14 of 1st overtime period - Deflect By Ryan Johansen.
0:14 of 1st overtime period - Goal by Ryan Johansen - Flames : 5 - Islanders : 4.
Goals for this period are 1 for Flames vs 0 for Islanders.
Shots for this period are 1 for Flames vs 0 for Islanders.